 Dungeon Crawl Stone Soup version 0.17.1-2-g5865329 (webtiles) character file.

1738 Kloppie the Grave Robber (level 8, -4/69 HPs)
             Began as a Deep Dwarf Necromancer on Jan 14, 2016.
             Was a Believer of Makhleb.
             Slain by a troll (10 damage)
             ... on level 9 of the Dungeon.
             The game lasted 00:22:58 (5274 turns).

Kloppie the Grave Robber (Deep Dwarf Necromancer)   Turns: 5274, Time: 00:22:58

Health: -4/69      AC:  4    Str: 11    XL:     8   Next: 77%
Magic:  1/9        EV: 16    Int: 19    God:    Makhleb [**....]
Gold:   325        SH:  0    Dex: 13    Spells: 3 memorised, 3 levels left

rFire  . . .     SeeInvis .     t - +1 flail (freeze)
rCold  . . .     Clarity  .     a - +0 robe
rNeg   . . .     SustAt   .     (no shield)
rPois  .         Gourm    .     (no helmet)
rElec  .         Spirit   .     o - +0 cloak
rCorr  .         Warding  .     (no gloves)
rMut   .         Stasis   .     p - +0 pair of boots
MR     ++...                    (no amulet)
Stlth  ++........               (no ring)
                                D - ring of wizardry

@: non-regenerating, very resistant to hostile enchantments, unstealthy
A: damage resistance, recharge devices, magic resistance 1, sense surroundings
1, slow regeneration 3
a: Device Recharging, Minor Destruction, Renounce Religion


You were on level 9 of the Dungeon.
You worshipped Makhleb.
Makhleb was pleased with you.
You were hungry.

You visited 1 branch of the dungeon, and saw 9 of its levels.
You also visited: Ossuary.

You collected 325 gold pieces.

Inventory:

Hand Weapons
 h - a +0 mace
 t - a +1 flail of freezing (weapon)
Armour
 a - a +0 robe (worn)
 o - a +0 cloak (worn)
 p - a +0 pair of boots (worn)
Jewellery
 D - a ring of wizardry (left hand)
Wands
 c - a wand of heal wounds (1)
 z - a wand of enslavement (11)
Scrolls
 i - 5 scrolls of identify
 k - 2 scrolls of magic mapping
 n - 3 scrolls of enchant weapon
 s - 3 scrolls of remove curse
 v - a scroll of random uselessness
Potions
 e - 4 potions of might
 j - 4 potions of curing
 q - 2 potions of heal wounds
 u - a potion of ambrosia
 A - a potion of flight
Books
 b - a book of Necromancy

   Spells                             Type                      Level
   a - Pain                           Necromancy                   1
   b - Animate Skeleton               Necromancy                   1
   c - Vampiric Draining              Necromancy                   3
   d - Regeneration                   Charms/Necromancy            3
   e - Animate Dead                   Necromancy                   4
   f - Control Undead                 Necromancy                   4
 r - a book of Alchemy

   Spells                             Type                      Level
   a - Sublimation of Blood           Necromancy                   2
   b - Ignite Poison                  Fire/Transmutation/Poison    3
   c - Alistair's Intoxication        Transmutation/Poison         4
   d - Condensation Shield            Ice                          4
   e - Petrify                        Transmutation/Earth          4
   f - Irradiate                      Conjuration/Transmutation    5
 w - a Grand Grimoire

   Spells                             Type                      Level
   a - Monstrous Menagerie            Summoning                    6
   b - Summon Greater Demon           Summoning                    7
   c - Malign Gateway                 Summoning/Translocation      7
   d - Summon Horrible Things         Summoning                    8
Comestibles
 d - 5 bread rations
 f - 3 fruits
 l - 4 meat rations


   Skills:
 + Level 3.3 Fighting
 - Level 5.0 Maces & Flails
 + Level 7.7 Dodging
 - Level 2.4 Stealth
 - Level 2.4 Spellcasting
 - Level 7.7 Necromancy


You had 3 spell levels left.
You knew the following spells:

 Your Spells              Type           Power        Failure   Level  Hunger
a - Pain                  Necr           ####         1%          1    #......
b - Vampiric Draining     Necr           ####......   1%          3    ###....
c - Control Undead        Necr           ####......   4%          4    #####..


Dungeon Overview and Level Annotations

Branches:
Dungeon (9/15)
 Temple: D:4-7         Lair: D:8-11         Orc: D:9-12

Altars:
Ashenzari
Dithmenos
Elyvilon
Makhleb
Ru
Sif Muna
Vehumet

Annotations:
D:3 matthes123's ghost, amateur OgWr
D:4 Duvessa; SirMumm's ghost, amateur DEWz
D:5 Menkaure
D:8 Gargoyl's ghost, novice DsAK


Innate Abilities, Weirdness & Mutations

You are resistant to damage.
You can recharge devices by infusing magical energy.
You passively map a small area around you.
You do not regenerate naturally.
You are resistant to hostile enchantments.


Message History

The troll completely misses you.
Casting: Pain
Confirm with . or Enter, or press ? or * to list all spells.
Aiming: Pain
Press: ? - help, Shift-Dir - straight line, f/p - troll
Aim: a troll (heavily wounded, chance to defeat MR: 84%)
The troll convulses in agony!
The troll bites you. The troll misses you. The troll claws you.
* * * LOW HITPOINT WARNING * * *
You hit the troll. You freeze the troll.
The troll is severely wounded.
The troll bites you!
* * * LOW HITPOINT WARNING * * *
The troll claws you.
* * * LOW HITPOINT WARNING * * *
The troll claws you!
* * * LOW HITPOINT WARNING * * *
The troll closely misses you. x2
The troll claws you!
You die...

###########
#.........T# , ,
#..?..?....##
#...........,,
###########..........#,
,
.......@T.'..........#*
*
###########..........#*
##..#####'# ##...<...#
## ##..#..####*.. * *
#.≈.≈.≈.####.#
#≈##+##≈...#.# ,
###JJJ##.....# *
#J#J##......


You could see a troll.

Vanquished Creatures
  A wyvern (D:5)
  An ice beast (D:6)
  A sky beast (D:6)
  2 necrophages (D:6)
  2 ogres
  An elf zombie (D:6)
  Blork the orc (D:5)
  4 giant frogs
  2 elf skeletons (D:6)
  4 crimson imps (D:6)
  3 hounds
  A human skeleton (D:6)
  A human zombie (D:6)
  A worker ant (D:8)
  3 mummies (Ossuary)
  6 gnolls
  7 adders
  A shadow imp (D:5)
  An ooze (D:1)
  An adder skeleton (D:4)
  A worm (D:2)
  4 orcs (D:3)
  3 ball pythons
  5 bats
  5 giant cockroaches
  6 goblins
  8 hobgoblins
  12 jackals
  8 quokkas
  A giant cockroach zombie (D:5)
  A giant gecko (D:6)
  A giant gecko skeleton (D:5)
  5 giant newts
  5 goblin zombies (Ossuary)
  A hobgoblin zombie (Ossuary)
  4 kobolds
  9 kobold zombies (Ossuary)
  An orc skeleton (D:6)
  A quokka zombie (D:9)
  6 rats
  3 rat zombies (Ossuary)
134 creatures vanquished.

Notes
Turn   | Place    | Note
--------------------------------------------------------------
     0 | D:1      | Kloppie the Deep Dwarf Necromancer began the quest for the Orb.
     0 | D:1      | Reached XP level 1. HP: 15/15 MP: 3/3
   242 | D:1      | Reached XP level 2. HP: 22/22 MP: 1/5
   834 | D:1      | Reached XP level 3. HP: 24/28 MP: 1/6
   930 | D:1      | Learned a level 3 spell: Vampiric Draining
  1047 | D:2      | Reached skill level 5 in Necromancy
  1610 | D:2      | Reached XP level 4. HP: 18/36 MP: 3/7
  1706 | D:3      | Reached skill level 1 in Maces & Flails
  1824 | D:3      | Found a radiant altar of Vehumet.
  2147 | D:3      | Noticed matthes123's ghost (amateur OgWr)
  2423 | D:4      | Reached XP level 5. HP: 35/42 MP: 4/8
  2432 | D:4      | Noticed SirMumm's ghost (amateur DEWz)
  2452 | D:4      | Noticed Duvessa
  2477 | D:5      | Entered Level 5 of the Dungeon
  2510 | D:5      | Found a deep blue altar of Sif Muna.
  2520 | D:5      | Found a burning altar of Makhleb.
  2520 | D:5      | Found a shadowy altar of Dithmenos.
  2526 | D:5      | Found a white marble altar of Elyvilon.
  2534 | D:5      | Became a worshipper of Makhleb the Destroyer
  2573 | D:5      | Noticed an ogre
  2588 | D:5      | Killed an ogre
  2588 | D:5      | Reached skill level 6 in Necromancy
  2588 | D:5      | Reached XP level 6. HP: 21/49 MP: 0/9
  2680 | D:5      | Noticed Blork the orc
  2692 | D:5      | Killed Blork the orc
  2704 | D:5      | Noticed a wyvern
  2790 | D:5      | Killed a wyvern
  2961 | D:5      | Noticed Menkaure
  3088 | D:5      | Found a shattered altar of Ashenzari.
  3105 | D:5      | Found a sacrificial altar of Ru.
  3192 | D:5      | Got a translucent ring mail
  3350 | D:6      | Learned a level 4 spell: Control Undead
  3370 | D:6      | Reached skill level 5 in Dodging
  3370 | D:6      | Reached XP level 7. HP: 46/55 MP: 9/9
  3438 | D:6      | Found a sand-covered staircase.
  3468 | D:6      | Reached * piety under Makhleb
  3468 | D:6      | Reached skill level 7 in Necromancy
  3473 | Ossuary  | Entered an ossuary
  3980 | D:6      | Identified the +3 ring mail of Defence {Str+4} (You found it on level 5 of the Dungeon)
  3988 | D:6      | Gained mutation: You are resistant to hostile enchantments. [potion of beneficial mutation]
  3997 | D:6      | Reached XP level 8. HP: 39/62 MP: 0/9
  4144 | D:6      | Reached skill level 5 in Maces & Flails
  4394 | D:6      | Reached skill level 1 in Fighting
  4935 | D:7      | Reached ** piety under Makhleb
  4963 | D:7      | Noticed a hill giant
  4981 | D:8      | Noticed Gargoyl's ghost (novice DsAK)
  5014 | D:8      | Noticed a hill giant
  5233 | D:9      | Noticed a troll
  5274 | D:9      | Slain by a troll

Action                   |  1- 3 |  4- 6 |  7- 9 || total
-------------------------+-------+-------+-------++-------
Melee: Unarmed           |     6 |     2 |       ||     8
       Mace              |    85 |    96 |       ||   181
       Flail             |       |    40 |   397 ||   437
 Cast: Pain              |    38 |    20 |    21 ||    79
       Vampiric Draining |     5 |    16 |    16 ||    37
       Control Undead    |       |       |     3 ||     3
 Abil: Device Recharging |       |     1 |     1 ||     2
Evoke: Wand              |       |     4 |    10 ||    14
  Use: Scroll            |       |       |    19 ||    19
       Potion            |       |       |     1 ||     1
 Stab: Sleeping          |     1 |     3 |     3 ||     7
  Eat: Chunk             |     3 |     8 |     6 ||    17
       Fruit             |       |       |     3 ||     3
       Beef jerky        |       |       |     1 ||     1
